 Dungeon Crawl Stone Soup version 0.31.0-32-g396128a36d (webtiles) character file.

Game seed: 18045581969330337178

29 PriceMaster the Firebug (level 3, 0/21 HPs)
             Began as an Octopode Fire Elementalist on Apr 25, 2024.
             Slain by an adder (3 damage)
             ... on level 2 of the Dungeon.
             The game lasted 00:00:49 (1340 turns).

PriceMaster the Firebug (OpFE)                      Turns: 1340, Time: 00:00:50

Health: 0/21       AC:  1    Str:  7    XL:     3   Next: 16%
Magic:  3/7        EV: 13    Int: 19    God:
Gold:   20         SH:  0    Dex: 12    Spells: 6/7 levels left

rFire   . . .        (no weapon)
rCold   . . .        (no shield)
rNeg    . . .        (helmet restricted)
rPois   .            (no amulet)
rElec   .            (no ring)
rCorr   .            (no ring)
SInv    .            (no ring)
Will    .....        (no ring)
Stlth   +++          (no ring)
HPRegen 0.23/turn    (no ring)
MPRegen 0.10/turn    (no ring)
                     (no ring)

%: no passive effects
@: lethally poisoned (0 -> -1)
A: almost no armour, amphibious, 8 rings, camouflage 1, gelatinous body 1,
(nimble swimmer 1), tentacles, persistent drain
a: no special abilities


You were on level 2 of the Dungeon.
You visited 1 branch of the dungeon, and saw 2 of its levels.

You collected 20 gold pieces.

Inventory:

Scrolls
 b - a scroll of poison {unknown}
 d - a scroll of enchant weapon {unknown}
 e - a scroll of fog {unknown}
 f - a scroll of identify {unknown}
Potions
 a - a potion of magic


   Skills:
 + Level 2.2 Dodging
 + Level 2.8 Stealth
 + Level 2.6 Spellcasting
 + Level 1.3 Conjurations
 + Level 3.3 Fire Magic


You had 6 spell levels left.
You knew the following spells:

 Your Spells              Type           Power      Damage    Failure   Level
a - Foxfire               Conj/Fire      44%        2x1d6     6%          1

Your spell library contained the following spells:

 Spells                   Type           Power      Damage    Failure   Level
 Scorch                   Fire           30%        2d6       6%          2
 Kiss of Death            Conj/Necr      20%        2d7       12%         1
 Cigotuvi's Dreadful Rot  Necr/Alch/Air  4%         N/A       24%         2
 Inner Flame              Hex/Fire       8%         N/A       24%         3
 Volatile Blastmotes      Fire/Tloc      16%        2d11      24%         3
 Flame Wave               Conj/Fire      11%        2d6       52%         4


Dungeon Overview and Level Annotations

Branches:
Dungeon (2/15)

Altars:

Shops:
D:1 [

Annotations:
D:1 2 transporters


Innate Abilities, Weirdness & Mutations

You cannot wear most types of armour.
You are amphibious.
You can wear up to eight rings at the same time.
Your skin changes colour to match your surroundings (Stealth+).
Your rubbery body absorbs attacks. (AC +1, EV +1)
((You are camouflaged when in or above water. (Stealth+)))
You have tentacles for arms and can constrict up to eight enemies at once.
Your health recovers twice as slowly from being drained.


Message History

You conjure some foxfire!
You conjure some foxfire!
You conjure some foxfire!
The foxfire hits the adder.
The adder is lightly wounded.
You conjure some foxfire!
The foxfire hits the adder.
The adder is moderately wounded.
You closely miss the adder. Your grab misses the adder.
The adder is moderately wounded.
The adder bites you.
You tentacle-slap the adder but do no damage.
Your grab misses the adder. Your squeeze misses the adder.
The adder is moderately wounded.
The adder bites you.
You are poisoned.
The adder poisons you! The adder closely misses you.
You closely miss the adder. Your grab misses the adder.
The adder is moderately wounded.
You feel sick. The adder bites you.
You feel sick.
Casting: Foxfire (safe; 6% risk of failure)
Confirm with . or Enter, or press ? or * to list all spells.
You conjure some foxfire!
You feel sick. The adder closely misses you.
Unknown command.
You tentacle-slap the adder but do no damage.
Your grab misses the adder. Your squeeze misses the adder.
The adder is moderately wounded.
You feel sick. The adder bites you but does no damage.
The adder barely misses you.
You miss the adder. Your grab misses the adder.
The adder is moderately wounded.
You feel sick. The adder bites you.
* * * LOW HITPOINT WARNING * * *
Your foxfire dissipates!
Unknown command.
It was a potion of mutation.
You feel extremely strange.
You begin to recover more slowly from draining effects.
You feel clever.
You feel stupid.
You feel sick. The adder bites you.
You die...

.. ...
#>.########.....#
#.....<.........#
#(####†#####....#
#.#####...[#
#.##...###.#
#..........#
..######@..#####
.......S........
#..#############


You could see an adder.

Vanquished Creatures
  An adder (D:2)
  4 bats (D:1)
  5 endoplasms (D:1)
  2 hobgoblins (D:1)
  5 frilled lizards (D:1)
  A goblin (D:1)
  2 rats (D:1)
20 creatures vanquished.

Vanquished Creatures (others)
  102 foxfires
102 creatures vanquished.

Grand Total: 122 creatures vanquished

Notes
Turn   | Place    | Note
-------+----------+-------------------------------------------
     0 | D:1      | PriceMaster the Octopode Fire Elementalist began the quest
                  | for the Orb.
     0 | D:1      | Reached XP level 1. HP: 11/11 MP: 3/3
   142 | D:1      | Found a transporter.
   142 | D:1      | Found Fockuer's Armour Shoppe.
   173 | D:1      | Found a transporter.
   256 | D:1      | Reached XP level 2. HP: 11/17 MP: 1/5
   720 | D:1      | Got the Guide on Misery
  1280 | D:2      | Reached XP level 3. HP: 17/21 MP: 5/7
  1340 | D:2      | Gained mutation: Your health recovers twice as slowly from
                  | being drained. [potion of mutation]
  1340 | D:2      | Gained mutation: Your mind is acute. (Int +4, Str/Dex -1)
                  | [potion of mutation]
  1340 | D:2      | Lost mutation: Your mind is acute. (Int +4, Str/Dex -1)
                  | [potion of mutation]
  1340 | D:2      | Slain by an adder

Illustrated notes

Levels and vault maps discovered:
D:1:      sevenhm_arrival_forest_fort_small_4, layout_basic, serial_shops,
          nicolae_shop_drivethru
D:2:      layout_basic, minmay_fractal_squares_5

Action                     || total
---------------------------++-------
  Melee: Unarmed           ||    14
         Tentacles         ||     4
         Constrict         ||     3
   Cast: Foxfire           ||    59
    Use: Potion            ||     1
 Armour: Skin              ||    10
  Dodge: Dodged            ||    11
